Map: Dusk Towers

Players

dazL

  • Race: Zerg Zerg
  • League: Master

ILLBdA - Winner!

  • Race: Protoss Protoss
  • League: Diamond

VOD

Have the link to the VOD?

Description

Time

  • Played on: Dec. 11, 2015, 7:28 a.m.
  • Length: 2:58
Show
View Real Time Build Order
Export as new Build Order

dazL Zerg 

Build Orders: 3 Hatch before Pool 

Get SALT Encoding   

  12  0:01  Drone  
  13  0:13  Overlord  
  13  0:18  Drone  
  14  0:31  Drone x2  
  16  0:36  Drone  
  17  0:52  Hatchery  
  17  0:55  Drone  
  17  0:59  Drone  
  18  1:18  Hatchery  
  18  1:21  Drone  
  18  1:34  Spawning Pool  
  18  1:38  Drone  
  18  1:46  Drone x2  
  20  1:51  Drone  
  21  2:01  Drone  
  21  2:06  Drone  
  23  2:14  Overlord  
  23  2:21  Queen x2  
  23  2:22  Zergling x2  
  27  2:31  Zergling x6  
Show
View Real Time Build Order
Export as new Build Order

ILLBdA Protoss - Winner!

Build Orders:  

Get SALT Encoding   

  12  0:01  Probe (Chrono Boost)  
  13  0:11  Probe (Chrono Boost)  
  14  0:22  Probe (Chrono Boost)  
  15  0:38  Pylon  
  15  0:56  Gateway x2  
  15  0:58  Gateway  
  15  1:08  Gateway  
  15  1:16  Pylon  
  21  1:47  Zealot x3 (Chrono Boost), Pylon  
  21  1:56  Zealot (Chrono Boost)  
  23  2:14  Zealot (Chrono Boost)  
  23  2:15  Zealot (Chrono Boost)  
  29  2:18  Zealot (Chrono Boost)  
  29  2:24  Zealot (Chrono Boost)  
Tags
 
Add a new tag
Caveats
  • Supply blocks, unpowered buildings, or Contaminate may cause inaccurate times.
  • Supply counts are checked every 10 seconds.